 Dungeon Crawl Stone Soup version 0.27.0-1-g7a089689b8 (webtiles) character file.

Game seed: 2353752918787265123

11 Spectrina the Sneak (level 2, 0/18 HPs)
             Began as a Deep Elf Monk on Aug 11, 2021.
             Slain by an orc (1 damage)
             ... on level 4 of the Dungeon.
             The game lasted 00:01:46 (250 turns).

Spectrina the Sneak (Deep Elf Monk)                  Turns: 250, Time: 00:01:46

Health: 0/18       AC:  2    Str:  8    XL:     2   Next: 17%
Magic:  4/4        EV: 13    Int: 14    God:
Gold:   35         SH:  0    Dex: 17    Spells: 1/1 levels left

rFire    . . .     SeeInvis .   a - +0 short sword
rCold    . . .     Faith    .   (no shield)
rNeg     . . .     Spirit   .   b - +0 robe
rPois    .         Reflect  .   (no helmet)
rElec    .         Harm     .   (no cloak)
rCorr    .         Rampage  .   (no gloves)
Will     .....                  (no boots)
Stlth    +++.......             (no amulet)
HPRegen  0.06/turn              (no ring)
MPRegen  0.09/turn              (no ring)

@: no status effects
A: no striking features
a: no special abilities


You were on level 4 of the Dungeon.
You visited 1 branch of the dungeon, and saw 4 of its levels.

You collected 35 gold pieces.

Inventory:

Hand Weapons
 a - a +0 short sword (weapon)
 e - a +0 dagger
Missiles
 d - 68 stones (quivered)
 f - 8 arrows
 i - 16 sling bullets
Armour
 b - a +0 robe (worn)
Magical Staves
 j - a staff of fire
Scrolls
 c - 2 scrolls of teleportation {unknown}
 k - a scroll of identify {unknown}
Potions
 g - a potion of haste {unknown}
 h - a potion of brilliance {unknown}


   Skills:
 - Level 2.4 Fighting
 - Level 3.0 Short Blades
 - Level 3.6 Dodging
 + Level 3.7 Stealth


You had one spell level left.
You didn't know any spells.
Your spell library was empty.

Dungeon Overview and Level Annotations

Branches:
Dungeon (4/15)
 Temple: D:4-7

Altars:

Shops:
D:3 ?


Message History

You barely miss the orc.
The orc is severely wounded.
The orc hits you with a +0 flail!
Ouch! That really hurt!
* * * LOW HITPOINT WARNING * * *
You hit the orc.
The orc is almost dead.
You closely miss the orc.
The orc is almost dead.
The orc misses you.
You barely miss the orc.
The orc is almost dead.
The orc closely misses you.
You hit the orc but do no damage.
The orc is almost dead.
The orc closely misses you.
You hit the orc but do no damage.
The orc is almost dead.
The orc barely misses you.
Press: ? - help, v - describe, . - travel
Here: an orc, wielding a +0 flail and wearing a +0 leather armour (almost dead)
The floor.
Unknown command.
You barely miss the orc.
The orc is almost dead.
The orc barely misses you.
Okay, then.
You barely miss the orc.
The orc is almost dead.
The orc barely misses you.
You hit the orc but do no damage.
The orc is almost dead.
The orc closely misses you.
You completely miss the orc.
The orc is almost dead.
The orc barely misses you.
You completely miss the orc.
The orc is almost dead.
The orc hits you with a +0 flail.
You die...

.......#####.........
........................
........................
####..............$.....
#.[..................
##...####............
###...#...............
#...............(..#
#.............@o...##
#.....................
#............#........
#########....#..$.....
######........ #...(....
#########


You could see an orc.

Vanquished Creatures
  A dart slug (D:2)
  A ball python (D:2)
  2 endoplasms (D:4)
  2 giant cockroaches (D:2)
  2 goblins
8 creatures vanquished.

Notes
Turn   | Place    | Note
-------+----------+-------------------------------------------
     0 | D:1      | Spectrina the Deep Elf Monk began the quest for the Orb.
     0 | D:1      | Reached XP level 1. HP: 13/13 MP: 3/3
    65 | D:3      | Found Keyrias's Magic Scroll Emporium.
   124 | D:2      | Reached XP level 2. HP: 12/18 MP: 4/4
   196 | D:4      | Noticed a scorpion
   250 | D:4      | Slain by an orc

Illustrated notes

Levels and vault maps discovered:
D:1:      saegor_arrival_simple_d, layout_loops_ring, minmay_pentomino_r2
D:2:      layout_loops_ring, chequers_ecumenical_altar_twisty, uniq_terence,
          uniq_jessica
D:3:      layout_basic, serial_shops, nicolae_shop_waterfront,
          grunt_decor_junction
D:4:      layout_basic, lemuel_doored_altar, lemuel_coloured_pillars_altar

Skill      XL: |  1 |
---------------+----+-----
Stealth        | 3 |  3.7
Fighting       | |  2.4
Short Blades   | |  3.0
Dodging        | |  3.6

Action                   || total
-------------------------++-------
Melee: Short sword       ||    35
       Dagger            ||     2
Throw: Stone             ||     1
 Stab: Sleeping          ||     3
Armor: Robe              ||     5
Dodge: Dodged            ||    18
